 Dungeon Crawl Stone Soup version 0.30.0-29-ga12c61a403 (webtiles) character file.

Game seed: 16231152298528923383

78855 psilontech the Severer (level 15, 0/189 HPs)
             Began as a Minotaur Fighter on June 6, 2023.
             Was the Champion of Cheibriados.
             Slain by a ghost moth (7 damage)
             ... on level 4 of the Spider Nest.
             The game lasted 01:33:27 (22109 turns).

psilontech the Severer (Minotaur Fighter)          Turns: 22109, Time: 01:33:28

Health: 0/189      AC: 31    Str: 41 (42) XL:     15   Next: 19%
Magic:  0/14       EV:  2    Int: 19 (20) God:    Cheibriados [******]
Gold:   1385       SH: 14    Dex: 24 (26) Spells: 14/14 levels left

rFire   . . .        a - +1 war axe (elec)
rCold   . . .        c - +0 buckler
rNeg    . . .        R - melded +6 chain mail {ponderous}
rPois   +            s - melded +1 hat
rElec   .            l - melded +0 cloak
rCorr   .            H - melded +3 Mad Mage's Maulers {Infuse+∞ VampMP -Cast}
SInv    .            y - melded +0 pair of boots
Will    +....        S - amulet of reflection
Stlth   +++          b - ring of poison resistance
HPRegen 0.51/turn    O - +4 ring of protection
MPRegen 0.14/turn

%: reflection
@: tree-form, very slow
A: stationary, stasis, torment immunity, boosted hp, (horns 2), (retaliatory
headbutt), (large bone plates 1), frail 1
a: Renounce Religion, Bend Time, Temporal Distortion, Slouch, Step From Time


You were on level 4 of the Spider Nest.
You worshipped Cheibriados.
Cheibriados was exalted by your worship.
You were a tree.
You visited 3 branches of the dungeon, and saw 17 of its levels.
You also visited: Ossuary and Bailey.

You collected 1385 gold pieces.

Inventory:

Hand Weapons
 a - a +1 war axe of electrocution (weapon)
 z - a +1 heavy hand axe
 G - the +4 arbalest "Dical" {penet, rElec Str+3}
   (You found it in a bailey)

   Str:       It affects your strength (+3).
   rElec:     It insulates you from electricity.
 N - a +2 hand axe of venom
 Q - a +4 lajatang of pain
Missiles
 o - 6 silver javelins (quivered)
 M - a throwing net
Armour
 c - a +0 buckler (worn)
 l - a +0 cloak (melded)
 s - a +1 hat (melded)
 u - a +1 robe of fire resistance
 y - a +0 pair of boots (melded)
 H - the +3 Mad Mage's Maulers (melded) {Infuse+∞ VampMP -Cast}
   (You found it in a bailey)

   Infuse+∞: It empowers its wearer's blows with all of their magic.
   VampMP:    Blows struck in melee replenish the wearer's magic.
   -Cast:     It prevents spellcasting.
 R - a +6 chain mail of ponderousness (melded)
Magical Staves
 g - a staff of fire
Jewellery
 b - a ring of poison resistance (left branch)
 e - a +6 ring of intelligence
 i - an amulet of guardian spirit
 m - a ring of willpower
 w - a ring of magical power
 F - a ring of see invisible
 O - a +4 ring of protection (right branch)
 S - an amulet of reflection (around neck)
Wands
 h - a wand of flame (19)
 E - a wand of roots (15)
 L - a wand of quicksilver (18)
Scrolls
 f - 2 scrolls of amnesia
 k - 4 scrolls of fear
 n - 7 scrolls of teleportation
 v - 4 scrolls of identify
 B - a scroll of enchant weapon
 C - a scroll of silence
 P - 3 scrolls of magic mapping
 T - a scroll of fog
 V - a scroll of blinking
Potions
 d - a potion of brilliance
 p - 4 potions of berserk rage
 q - 4 potions of curing
 r - 4 potions of lignification
 D - 3 potions of flight
 I - 2 potions of magic
 J - 2 potions of mutation
 U - a potion of cancellation
Miscellaneous
 t - a tin of tremorstones (2/2)


   Skills:
 + Level 15.0 Fighting
 + Level 18.7 Axes
 + Level 17.1 Armour
 + Level 8.0 Dodging
 + Level 3.9 Stealth
 + Level 15.4 Shields
 + Level 1.1 Invocations
 + Level 0.1 Evocations


You had 14 spell levels left.
You didn't know any spells.
Your spell library contained the following spells:

 Spells                   Type           Power      Damage    Failure   Level
 Shock                    Conj/Air       0%         1d3       22%         1
 Dazzling Flash           Conj/Hex       0%         N/A       54%         3
 Ozocubu's Armour         Ice            0%         N/A       54%         3
 Swiftness                Air            0%         N/A       54%         3
 Vhi's Electric Charge    Tloc/Air       0%         N/A       54%         3
 Volatile Blastmotes      Fire/Tloc      0%         2d10      54%         3
 Airstrike                Air            0%         2d(0-16)  91%         4
 Fulminant Prism          Conj/Hex       0%         3d5       91%         4
 Iskenderun's Mystic Bla  Conj/Tloc      0%         2d3       91%         4
 Petrify                  Tmut/Erth      0%         N/A       91%         4
 Arcjolt                  Conj/Air       0%         1d10      99%         5
 Lee's Rapid Deconstruct  Erth           0%         3d4*      99%         5
 Metabolic Englaciation   Hex/Ice        0%         N/A       99%         5
 Simulacrum               Ice/Necr       0%         N/A       100%        6
 Starburst                Conj/Fire      0%         6d3       100%        6
 Statue Form              Tmut/Erth      0%         N/A       100%        6
 Maxwell's Capacitive Co  Air            0%         ∞         100%        8


Dungeon Overview and Level Annotations

Branches:
Dungeon (11/15)            Temple (0/1) D:4            Lair (2/5) D:11
 Spider (4/4) Lair:2      Ossuary (visited)          Bailey (visited)
  Swamp: Lair:2-3    Shoals: Lair:2-3       Orc: D:9-12

Altars:
Ashenzari
Cheibriados
Fedhas
Gozag
Hepliaklqana
Kikubaaqudgha
Makhleb
Okawaru
Qazlal
Sif Muna
Trog
Uskayaw
Vehumet
Wu Jian
Yredelemnul
Zin
Jiyva

Shops:
D:1 (

Annotations:
D:8 exclusion: oklob plant


Innate Abilities, Weirdness & Mutations

You are a tree.
Your roots penetrate the ground, keeping you stationary.
You cannot be teleported.
You are immune to unholy pain and torment.
Your maximum health is greatly increased.
Your equipment is partially melded.
((You have a pair of horns on your head.))
((You reflexively headbutt those who attack you in melee.))
((You are partially covered in large bone plates. (SH +4)))
You are frail. (-10% HP)


Message History

Your +6 chain mail of ponderousness melds into your body.
The surge of magic dissipates.
That put a bit of spring back into your step.
Your roots penetrate the ground.
The emperor scorpion stings you but does no damage.
The emperor scorpion claws you but does no damage. x2
The wolf spider hits you!
* * * LOW HITPOINT WARNING * * *
The wolf spider bites you but does no damage.
Something hits you but does no damage. Something hits you.
* * * LOW HITPOINT WARNING * * *
Something stings you.
* * * LOW HITPOINT WARNING * * *
The emperor scorpion stings you!
* * * LOW HITPOINT WARNING * * *
The emperor scorpion claws you but does no damage.
The emperor scorpion claws you.
* * * LOW HITPOINT WARNING * * *
The emperor scorpion stings you but does no damage.
The emperor scorpion claws you but does no damage. x2
The wolf spider hits you but does no damage.
The wolf spider bites you but does no damage.
You feel better.
You feel less invigorated.
You feel you are being watched by something.
You feel your power leaking away.
Something hits you but does no damage. x2; Something stings you.
* * * LOW HITPOINT WARNING * * *
The emperor scorpion stings you!
* * * LOW HITPOINT WARNING * * *
You block the emperor scorpion's attack.
The emperor scorpion claws you but does no damage.
You block the wolf spider's attack.
The wolf spider bites you but does no damage.
The emperor scorpion stings you!
* * * LOW HITPOINT WARNING * * *
The emperor scorpion claws you but does no damage.
The emperor scorpion claws you.
* * * LOW HITPOINT WARNING * * *
Something hits you but does no damage. Something hits you!
You die...

### ####
..####.^#########
...^...†......^.##
.^.....†..~.....^##
≈########...^.....##
## #####......# ≈
###s♣..# ≈≈. #ss{.#
s≈.s!###†s†.#
!sss~.~^^.###
#^..s.~#### .....^#
~.~### $#


You could see 3 emperor scorpions and a wolf spider.

Vanquished Creatures
  Jorgrun (Spider:1)
  2 emperor scorpions
  A ghost moth (Spider:3)
  A broodmother (shapeshifter) (D:9)
  2 broodmothers
  Azrael (Spider:1)
  3 spark wasps
  2 entropy weavers
  2 hydras
  4 jorogumos
  2 radroaches
  2 death knights (D:9)
  2 two-headed ogres (D:9)
  The ghost of suzumiya the Basher, a novice HuGl of Elyvilon (D:8)
  5 sun moths
  3 pharaoh ants
  A skyshark (Lair:2)
  8 orb spiders
  7 steelbarb worms
  A deep elf pyromancer (D:9)
  An oklob plant (D:11)
  13 wolf spiders
  2 cyclopes (D:9)
  2 moths of wrath
  9 elephants (Lair:2)
  3 torpor snails (Spider:2)
  Joseph (D:10)
  9 demonic crawlers
  A cane toad (Lair:2)
  A gargoyle (Bailey)
  2 komodo dragons (Lair:2)
  A rime drake (Lair:1)
  2 kobold demonologists (D:11)
  A polar bear (Lair:2)
  3 meliai (Spider:3)
  2 trolls (D:9)
  A hornet (D:9)
  Grinder (D:6)
  Prince Ribbit (D:6)
  23 tarantellas
  3 slime creatures
  Sigmund (D:6)
  30 jumping spiders
  3 wyverns
  A shadow (D:10)
  A vampire (Bailey)
  16 culicivoras
  6 yaks (Lair:2)
  4 basilisks
  56 redbacks
  4 fire elementals (Spider:1)
  Eustachio (D:6)
  5 water moccasins
  2 acid dragons
  4 hell hounds (Spider:1)
  4 ice beasts
  7 orc warriors
  2 sky beasts (D:7)
  2 ogres (D:5)
  12 wolves
  A centaur (D:9)
  6 kobold brigands
  An elf zombie (D:5)
  14 bullfrogs
  4 scorpions
  An elf skeleton (D:5)
  8 wights (D:9)
  18 killer bees
  9 vampire bats (Bailey)
  6 wolf zombies (Bailey)
  4 howler monkeys
  2 electric eels
  7 jellies
  12 orc priests
  2 gnoll boudas
  2 human zombies (D:5)
  Crazy Yiuf (D:2)
  6 hounds
  A sleepcap (D:8)
  Jessica (D:3)
  A human skeleton (D:5)
  3 iguanas
  9 orc wizards
  8 mummies (Ossuary)
  Robin (D:3)
  11 gnolls
  9 adders
  A shadow imp (D:7)
  A white imp (D:8)
  An ufetubus (D:6)
  4 dart slugs
  3 worms
  57 orcs
  4 bats
  7 endoplasms
  8 giant cockroaches
  21 goblins
  6 hobgoblins
  2 jackals (D:3)
  7 quokkas
  3 ball pythons
  3 frilled lizards
  A gnoll zombie (Ossuary)
  2 hobgoblin zombies (Ossuary)
  22 kobolds
  2 kobold zombies (Ossuary)
  24 orc zombies
  6 rats
627 creatures vanquished.

Vanquished Creatures (others)
  A tarantella (Spider:1)
  A kobold (D:11)
2 creatures vanquished.

Grand Total: 629 creatures vanquished

Notes
Turn   | Place    | Note
-------+----------+-------------------------------------------
     0 | D:1      | psilontech the Minotaur Fighter began the quest for the
                  | Orb.
     0 | D:1      | Reached XP level 1. HP: 19/19 MP: 0/0
    44 | D:1      | Found a faded altar of an unknown god.
    55 | D:1      | Prayed at the altar of an unknown god.
    55 | D:1      | Became a worshipper of Cheibriados the Contemplative
    55 | D:1      | Reached * piety under Cheibriados
   133 | D:1      | Found Fohius's Antique Weapon Shoppe.
   157 | D:1      | Reached XP level 2. HP: 27/27 MP: 1/1
   333 | D:1      | Reached ** piety under Cheibriados
   334 | D:1      | Reached skill level 3 in Axes
   800 | D:2      | Reached XP level 3. HP: 33/33 MP: 2/2
  1032 | D:2      | Found a runed translucent door.
  1033 | D:2      | Noticed Crazy Yiuf
  1041 | D:2      | Killed Crazy Yiuf
  1042 | D:2      | Reached XP level 4. HP: 20/40 MP: 3/3
  1335 | D:2      | Reached skill level 4 in Axes
  1841 | D:3      | Noticed Robin
  1867 | D:3      | Reached *** piety under Cheibriados
  1873 | D:3      | Killed Robin
  1985 | D:3      | Reached XP level 5. HP: 36/47 MP: 4/4
  2173 | D:3      | Noticed Jessica
  2179 | D:3      | Killed Jessica
  2180 | D:3      | Reached skill level 5 in Axes
  2528 | D:3      | Reached XP level 6. HP: 50/53 MP: 5/5
  2538 | D:3      | Reached skill level 6 in Axes
  2539 | D:3      | Reached **** piety under Cheibriados
  2553 | D:3      | Reached skill level 5 in Armour
  3021 | D:4      | Found a staircase to the Ecumenical Temple.
  3030 | D:4      | Noticed an ice beast
  3037 | D:4      | Killed an ice beast
  3038 | D:4      | Reached skill level 1 in Dodging
  3171 | D:4      | You fall into a shaft and drop 3 floors!
  3184 | D:6      | Reached skill level 7 in Axes
  3184 | D:6      | Reached XP level 7. HP: 57/60 MP: 6/6
  3210 | D:6      | Reached skill level 5 in Fighting
  3267 | D:5      | Entered Level 5 of the Dungeon
  3278 | D:5      | Reached skill level 8 in Axes
  3428 | D:5      | Reached XP level 8. HP: 31/68 MP: 7/7
  3682 | D:5      | Found a sand-covered staircase.
  3687 | D:5      | Reached skill level 9 in Axes
  3699 | Ossuary  | Entered an ossuary
  3709 | Ossuary  | Reached ***** piety under Cheibriados
  3900 | Ossuary  | Gained mutation: You are vulnerable to heat. (rF-) [potion
                  | of mutation]
  3900 | Ossuary  | Gained mutation: You have sharp toenails. [potion of
                  | mutation]
  4216 | D:5      | Found a hazy altar of Hepliaklqana.
  4425 | D:4      | Reached skill level 10 in Axes
  4761 | D:6      | Noticed Sigmund
  4771 | D:6      | Killed Sigmund
  4851 | D:6      | Noticed Eustachio
  4856 | D:6      | Killed Eustachio
  4859 | D:6      | Reached XP level 9. HP: 55/78 MP: 8/8
  5068 | D:6      | Noticed Prince Ribbit
  5072 | D:6      | Killed Prince Ribbit
  5073 | D:6      | Reached skill level 11 in Axes
  5576 | D:6      | Noticed Grinder
  5580 | D:6      | Killed Grinder
  5873 | D:7      | Found an ancient bone altar of Kikubaaqudgha.
  5874 | D:7      | Found a burning altar of Makhleb.
  5875 | D:7      | Found a basalt altar of Yredelemnul.
  5876 | D:7      | Found a hide-covered altar of Uskayaw.
  5876 | D:7      | Found a radiant altar of Vehumet.
  5877 | D:7      | Found a stormy altar of Qazlal.
  5878 | D:7      | Found an iron altar of Okawaru.
  5878 | D:7      | Found a shimmering blue altar of Sif Muna.
  5884 | D:7      | Found an ornate altar of the Wu Jian Council.
  5885 | D:7      | Found a glowing silver altar of Zin.
  5885 | D:7      | Found a broken altar of Ashenzari.
  6049 | D:7      | Reached skill level 5 in Shields
  6081 | D:7      | Found an opulent altar of Gozag.
  6229 | D:7      | Reached skill level 12 in Axes
  6299 | D:7      | Reached ****** piety under Cheibriados
  6433 | D:7      | Reached skill level 1 in Stealth
  6497 | D:7      | Lost mutation: You have sharp toenails. [potion of
                  | mutation]
  6497 | D:7      | Lost mutation: You are vulnerable to heat. (rF-) [potion of
                  | mutation]
  6497 | D:7      | Gained mutation: You are frail. (-10% HP) [potion of
                  | mutation]
  6497 | D:7      | Gained mutation: You are partially covered in large bone
                  | plates. (SH +4) [potion of mutation]
  6657 | D:8      | Reached XP level 10. HP: 66/79 MP: 9/9
  6760 | D:8      | Found a flagged portal.
  6774 | Bailey   | Entered a bailey
  7054 | Bailey   | Found the +3 Mad Mage's Maulers {Infuse+∞ VampMP -Cast}
  7060 | Bailey   | Identified the +4 arbalest "Dical" {penet, rElec Str+3}
  7169 | Bailey   | Identified the +2 chain mail "Wuvical" {Harm rElec Will-
                  | Dex+4}
  7215 | Bailey   | Noticed a gargoyle
  7218 | Bailey   | Killed a gargoyle
  7219 | Bailey   | Reached skill level 13 in Axes
  7388 | D:8      | Found a runed translucent gate.
  7445 | D:8      | Found a runed translucent gate.
  7446 | D:8      | Found a runed translucent gate.
  7448 | D:8      | Noticed suzumiya's ghost (novice HuGl)
  7458 | D:8      | Found a viscous altar of Jiyva.
  7470 | D:8      | Killed suzumiya's ghost
  7947 | D:8      | Identified the +0 chain mail of Watchfulness {MP+9 Str+4}
  8148 | D:8      | Found a blossoming altar of Fedhas.
  8177 | D:8      | Noticed an oklob plant
  8817 | D:9      | Found a snail-covered altar of Cheibriados.
  8936 | D:9      | Noticed a two-headed ogre
  8940 | D:9      | Killed a two-headed ogre
  8941 | D:9      | Reached skill level 14 in Axes
  8952 | D:9      | Reached skill level 10 in Armour
  8952 | D:9      | Reached skill level 5 in Dodging
  8959 | D:9      | Reached XP level 11. HP: 84/87 MP: 2/10
  8973 | D:9      | Found a bloodstained altar of Trog.
  9901 | D:9      | Noticed a death knight
  9906 | D:9      | Killed a death knight
 10091 | D:9      | Noticed a broodmother
 10095 | D:9      | Killed a broodmother
 10318 | D:9      | Noticed a six-headed hydra
 10321 | D:9      | Killed an eight-headed hydra
 10322 | D:9      | Reached skill level 15 in Axes
 10324 | D:9      | Identified the +1 robe of the Lily {rElec Int+2}
 10327 | D:9      | Found an ornate altar of the Wu Jian Council.
 10433 | D:9      | Noticed a death knight
 10438 | D:9      | Killed a death knight
 10548 | D:9      | Noticed a two-headed ogre
 10558 | D:9      | Killed a two-headed ogre
 10559 | D:9      | Reached skill level 10 in Fighting
 10587 | D:9      | Noticed a deep elf pyromancer
 10591 | D:9      | Killed a deep elf pyromancer
 10954 | D:10     | Entered Level 10 of the Dungeon
 11552 | D:10     | Noticed Joseph
 11557 | D:10     | Killed Joseph
 12152 | D:11     | Reached XP level 12. HP: 93/96 MP: 2/11
 12310 | D:11     | Found a staircase to the Lair.
 12424 | Lair:1   | Entered Level 1 of the Lair of Beasts
 13778 | Lair:2   | Reached skill level 16 in Axes
 14313 | Lair:2   | Noticed an eight-headed hydra
 14315 | Lair:2   | Killed a ten-headed hydra
 14396 | Lair:2   | Reached skill level 10 in Shields
 14675 | Lair:2   | Found a hole to the Spider Nest.
 15064 | Spider:1 | Entered Level 1 of the Spider Nest
 15065 | Spider:1 | Noticed a jorogumo
 15074 | Spider:1 | Killed a jorogumo
 15084 | Spider:1 | Reached XP level 13. HP: 105/105 MP: 3/12
 15233 | Spider:1 | Reached skill level 17 in Axes
 15409 | Spider:1 | Noticed a spark wasp
 15419 | Spider:1 | Killed a spark wasp
 15528 | Spider:1 | Noticed Jorgrun
 15542 | Spider:1 | Killed Jorgrun
 16102 | Spider:1 | Noticed Azrael
 16110 | Spider:1 | Killed Azrael
 16363 | Spider:1 | Reached skill level 1 in Invocations
 16766 | Spider:2 | Noticed a broodmother
 16779 | Spider:2 | Killed a broodmother
 16780 | Spider:2 | Reached skill level 15 in Armour
 17110 | Spider:2 | Noticed an emperor scorpion
 17116 | Spider:2 | Killed an emperor scorpion
 17477 | Spider:2 | Reached XP level 14. HP: 106/116 MP: 0/13
 18719 | Spider:2 | Reached skill level 18 in Axes
 19999 | Spider:3 | Noticed a ghost moth
 20002 | Spider:3 | Killed a ghost moth
 21543 | Spider:4 | Entered Level 4 of the Spider Nest
 21819 | Spider:4 | Reached skill level 15 in Shields
 21954 | Spider:4 | Reached XP level 15. HP: 125/125 MP: 3/14
 22038 | Spider:4 | Noticed an emperor scorpion
 22041 | Spider:4 | Killed an emperor scorpion
 22081 | Spider:4 | Noticed an emperor scorpion
 22081 | Spider:4 | Noticed an emperor scorpion
 22081 | Spider:4 | Noticed an emperor scorpion
 22085 | Spider:4 | Reached skill level 15 in Fighting
 22109 | Spider:4 | HP: 9/189 [emperor scorpion (10)]
 22109 | Spider:4 | Slain by a ghost moth

Illustrated notes

Levels and vault maps discovered:
D:1:      dpeg_arrival_orchard, layout_loops_ring,
          dreamdust_ecumenical_altar_statues, serial_shops, shop_fountains
D:2:      layout_loops_ring, st_stairs_12, minmay_door_square,
          minmay_misc_feat_iff, uniq_crazy_yiuf_cottage
D:3:      kennysheep_big_flooded_room, layout_basic, kennysheep_nub,
          hangedman_decor_growths, nicolae_grassy_gnolls, uniq_jessica,
          uniq_robin
D:4:      layout_basic, minmay_temple_entry_slanted, serial_glass,
          glass_columns_b, glass_columns_a
D:5:      layout_basic, nzn_hepliaklqana_mist_gate,
          nicolae_ossuary_entry_catacombs
D:6:      layout_loops_corners, gup_sewer_entry_pipe, minivault_14,
          uniq_eustachio, uniq_sigmund, uniq_prince_ribbit1, uniq_grinder
D:7:      layout_loops_ring, grunt_gozag_statues, nicolae_overflows_in_rows,
          wad_rectangle_vault
D:8:      layout_basic, tgw_fedhas, enter_bailey_4, gammafunk_ghost_ooze
D:9:      minmay_the_grid_octo_tiled_octocenter [minmay_the_grid_octo_toaster,
          minmay_the_grid_octo_77, minmay_the_grid_octo_vomiting_pacman,
          minmay_the_grid_octo_thin_diamonds,
          minmay_the_grid_octo_prize_square_snowflake,
          minmay_the_grid_square_5x5_eight,
          minmay_the_grid_square_5x5_spiral_small,
          minmay_the_grid_square_5x5_shrine2, minmay_the_grid_square_5x5_n],
          layout_basic, mainiacjoe_overflow_concentric_impassable,
          amcnicky_altar_gilded
D:10:     layout_long_grid, special_room [special_room_orc], uniq_joseph
D:11:     layout_roguey, dpeg_oklobed_lair, david_orc_4,
          biasface_ghost_orc_armoury, zin_angel
Lair:1:   layout_hall_layers, minmay_holes
Lair:2:   layout_cave_pods, elwin_shoals_entry_rooms,
          nicolae_spider_entry_orb_guardian, grunt_megastairs_4
Spider:1: layout_spider_delve, hangedman_spider_tarantella_strand, uniq_jorgrun,
          uniq_azrael
Spider:2: layout_chambers
Spider:3: nicolae_spider_obnoxious_hallway
Spider:4: grunt_spider_rune_circles, drop_trap

Skill      XL: |  1  2  3  4  5  6  7  8  9 10 11 12 13 14 15 |
---------------+----------------------------------------------+-----
Armour         | 4 5 6 7 8 10 12 14 15 17 | 17.1
Shields        | 4 5 7 8 10 13 15 | 15.4
Axes           | 3 4 5 7 8 10 12 14 15 16 17 18 | 18.7
Fighting       | 4 5 6 7 9 10 11 13 14 15 | 15.0
Dodging        | 1 3 5 6 7 8 |  8.0
Stealth        | 1 2 3 |  3.9
Invocations    | 1 |  1.1
Evocations     | |  0.1

Action                     |  1- 3 |  4- 6 |  7- 9 | 10-12 | 13-15 || total
---------------------------+-------+-------+-------+-------+-------++-------
  Melee: War axe           |    61 |    95 |   260 |   407 |   469 ||  1292
         Headbutt          |     9 |    17 |    48 |    84 |   122 ||   280
         Kick              |       |       |    21 |       |       ||    21
 Invoke: Bend Time         |       |       |       |     1 |     1 ||     2
  Evoke: Tin of tremorston |       |       |       |       |     1 ||     1
    Use: Scroll            |     5 |     4 |     7 |     4 |     2 ||    22
         Potion            |     1 |     8 |     4 |     4 |     7 ||    24
   Stab: Invisible         |       |       |       |     3 |       ||     3
         Distracted        |       |       |       |       |     1 ||     1
         Held in net/web   |       |       |       |       |     1 ||     1
 Armour: Scale mail        |    22 |    41 |    71 |    29 |       ||   163
         Chain mail        |       |       |       |   103 |   233 ||   336
         Skin              |       |       |       |       |    17 ||    17
  Dodge: Dodged            |    23 |    60 |   105 |   197 |   250 ||   635
  Block: Buckler           |    17 |    27 |    61 |   301 |   447 ||   853
         Reflection        |       |       |       |     9 |     3 ||    12
